 Dungeon Crawl Stone Soup version 0.25-a0-696-g42a9e46d90 (webtiles) character file.

Game seed: 2972734733118098530, levelgen mode: deterministic

461 Delarado the Cudgeler (level 7, -1/41 HPs)
             Began as a Gargoyle Fighter on Mar 31, 2020.
             Was an Initiate of Gozag.
             Slain by an ogre
             ... wielding a +0 giant club
              (6 damage)
             ... on level 4 of the Dungeon.
             The game lasted 00:10:34 (2913 turns).

Delarado the Cudgeler (Gargoyle Fighter)            Turns: 2913, Time: 00:10:34

Health: -1/41      AC: 20    Str: 22    XL:     7   Next: 7%
Magic:  7/7        EV:  5    Int:  8    God:    Gozag
Gold:   335        SH:  9    Dex:  9    Spells: 6/6 levels left

rFire    . . .     SeeInvis +   g - +0 mace (protect)
rCold    . . .     Gourm    .   c - +0 kite shield
rNeg     + . .     Faith    .   y - +0 chain mail {rPois}
rPois    ∞         Spirit   .   e - +0 hat
rElec    +         Reflect  .   (no cloak)
rCorr    .         Harm     .   (no gloves)
MR       .....                  (no boots)
Stlth    ..........             (no amulet)
HPRegen  0.13/turn              o - ring of see invisible
MPRegen  0.10/turn              q - ring of wizardry

@: protection aura
A: negative energy resistance 1, electricity resistance, unbreathing,
petrification resistance, rot immunity, AC +4
a: Potion Petition, Call Merchant, Bribe Branch, Renounce Religion


You were on level 4 of the Dungeon.
You worshipped Gozag.
Gozag was aware of your devotion.
You were not hungry.

You visited 1 branch of the dungeon, and saw 4 of its levels.

You collected 407 gold pieces.
You spent 50 gold pieces at shops.
You paid 22 gold pieces to Gozag.

Inventory:

Hand Weapons
 a - a +0 flail
 g - a +0 mace of protection (weapon)
 x - a +4 flail of holy wrath
Missiles
 h - 131 stones
 j - 14 poisoned darts (quivered)
Armour
 b - a +0 scale mail
 c - a +0 kite shield (worn)
 e - a +0 hat (worn)
 y - a +0 chain mail of poison resistance (worn)
Jewellery
 o - a ring of see invisible (left hand)
 q - a ring of wizardry (right hand)
Scrolls
 p - a scroll of magic mapping
 r - 3 scrolls of teleportation
 t - a scroll of fear
 u - 2 scrolls of amnesia
 w - a scroll of identify
Potions
 d - 2 potions of might
 i - a potion of berserk rage
 k - a potion of stabbing
 l - 2 potions of flight {unknown}
 m - a potion of brilliance {unknown}
 n - 4 potions of curing {unknown}
 s - a potion of mutation
 v - 2 potions of haste {unknown}
 z - a potion of degeneration {unknown}
Comestibles
 f - 4 rations


   Skills:
 - Level 3.2 Fighting
 + Level 7.4 Maces & Flails
 - Level 3.2 Armour
 - Level 3.2 Shields


You had 6 spell levels left.
You didn't know any spells.
Your spell library was empty.

Dungeon Overview and Level Annotations

Branches:
Dungeon (4/15)             Temple (0/1) D:4

Altars:
Gozag

Shops:
D:4 *


Innate Abilities, Weirdness & Mutations

You are resistant to torment.
Your stone body is resilient. (AC +4)
You are immune to poison.
You resist negative energy. (rN+)
You are resistant to electric shocks. (rElec)
You can survive without breathing.
You are immune to petrification.
You are immune to rotting.


Message History

You hit the ogre.
The ogre is heavily wounded.
You block the hound's attack.
The ogre hits you with a +0 giant club!!
Ouch! That really hurt!
* * * LOW HITPOINT WARNING * * *
The worker ant bites you but does no damage.
The hound bites you but does no damage.
Your shield and chain mail prevent you from hitting the ogre.
The ogre is heavily wounded.
The hound bites you but does no damage. You block the worker ant's attack.
The ogre hits you with a +0 giant club.
* * * LOW HITPOINT WARNING * * *
The hound bites you but does no damage.
The worker ant bites you but does no damage.
You sock the ogre!
The ogre is almost dead.
The hound bites you but does no damage. The ogre hits you with a +0 giant club.
You die...
Your body crumbles into a pile of gold.

♣P≈#........[.....##...
≈≈PP...............#....
$
≈♣≈.#....#..............
≈♣≈P............%.......
P♣≈P..#.......##......#
≈≈♣PP.###......#......#
≈≈≈≈≈.#.##....##.....#..
.≈≈P....................
.P≈♣≈##........#@a......$
.P≈≈P........<##Oh......
.PP≈≈.....##..#.l.......
..PP≈>....###...........
...#....... ............
#....##........#........
......#........#........
.....## ..............
.....#


You could see an ogre, a hound, a worker ant and a leopard gecko.

Vanquished Creatures
  Edmund (D:4)
  A centaur (D:3)
  Blork the orc (D:3)
  2 worker ants
  5 adders
  An ooze (D:1)
  An adder skeleton (D:4)
  2 worms (D:3)
  2 dart slugs
  2 leopard geckos
  3 orcs (D:3)
  4 giant cockroaches
  8 goblins
  7 hobgoblins
  12 jackals
  2 ball pythons
  7 bats
  8 frilled lizards
  4 kobolds
  6 rats
79 creatures vanquished.

Notes
Turn   | Place    | Note
-------+----------+-------------------------------------------
     0 | D:1      | Delarado the Gargoyle Fighter began the quest for the Orb.
     0 | D:1      | Reached XP level 1. HP: 14/14 MP: 1/1
   115 | D:1      | Reached XP level 2. HP: 10/19 MP: 2/2
   378 | D:1      | Reached skill level 3 in Maces & Flails
   428 | D:1      | Reached XP level 3. HP: 4/23 MP: 3/3
  1125 | D:2      | Found an opulent altar of Gozag,
  1141 | D:2      | Became a worshipper of Gozag Ym Sagoz the Greedy
  1144 | D:2      | Reached skill level 4 in Maces & Flails
  1167 | D:2      | Reached XP level 4. HP: 28/28 MP: 4/4
  1522 | D:2      | Found a faded altar of an unknown god,
  2118 | D:3      | Noticed a centaur
  2129 | D:3      | Killed a centaur
  2129 | D:3      | Reached skill level 5 in Maces & Flails
  2129 | D:3      | Reached XP level 5. HP: 25/32 MP: 5/5
  2555 | D:4      | Found Dieralimm's Assorted Antiques,
  2555 | D:4      | Noticed Blork the orc
  2571 | D:3      | Reached skill level 6 in Maces & Flails
  2571 | D:3      | Reached XP level 6. HP: 33/37 MP: 6/6
  2620 | D:3      | Killed Blork the orc
  2649 | D:4      | Found a staircase to the Ecumenical Temple,
  2668 | D:4      | Bought a scroll of identify for 50 gold pieces
  2756 | D:4      | Noticed Edmund
  2793 | D:4      | Killed Edmund
  2793 | D:4      | Reached skill level 7 in Maces & Flails
  2793 | D:4      | Reached XP level 7. HP: 35/41 MP: 7/7
  2913 | D:4      | Slain by an ogre

Levels and vault maps discovered:
D:1:      minmay_arrival_widening_spiral_wide, layout_basic,
          chequers_serial_rivers_small_a
D:2:      layout_rooms, chequers_ecumenical_altar_grove,
          minmay_misc_feat_nine_boxes, grunt_gozag_statues
D:3:      layout_basic
D:4:      layout_cave_pools, kennysheep_mini_moat, temple_pool_b, first_ration,
          serial_shops, shop, serial_bayou_lagoon_a, uniq_edmund, uniq_ijyb,
          uniq_blork_the_orc

Skill      XL: |  1  2  3  4  5  6 |
---------------+-------------------+-----
Maces & Flails | 3 4 5 6 7 |  7.4
Fighting       | |  3.2
Armour         | |  3.2
Shields        | |  3.2

Action                   |  1- 3 |  4- 6 |  7- 9 || total
-------------------------+-------+-------+-------++-------
Melee: Flail             |   130 |    40 |       ||   170
       Mace              |       |   174 |    10 ||   184
Throw: Stone             |       |     1 |       ||     1
       Dart              |       |     4 |     1 ||     5
  Use: Scroll            |     1 |     7 |       ||     8
  Eat: Chunk             |     1 |     1 |       ||     2
       Ration            |       |     2 |       ||     2
Armor: Scale mail        |   109 |   122 |     1 ||   232
       Chain mail        |       |       |    15 ||    15
Dodge: Dodged            |    66 |    50 |     1 ||   117
Block: Kite shield       |    94 |    94 |     8 ||   196

Table legend:
 A = Non-vault XP
 B = Vault XP
 C = Vault XP percentage of total XP
 D = Non-vault monster count
 E = Vault monster count
 F = Vault count percentage of total count
                 A         B        C        D         E       F
            +---------+---------+-------+---------+---------+-------
      Total |     391 |     268 |  40.7 |      77 |       2 |   2.5
            +---------+---------+-------+---------+---------+-------
        D:1 |      61 |       0 |   0.0 |      33 |       0 |   0.0
        D:2 |      29 |       0 |   0.0 |       9 |       0 |   0.0
        D:3 |     233 |      87 |  27.2 |      29 |       1 |   3.3
        D:4 |      68 |     181 |  72.7 |       6 |       1 |  14.3
            +---------+---------+-------+---------+---------+-------
